cohdb
Replays
Latest Replays
All Replays
Popular Replays
Top Player Replays
Match Explorer
How It Works
Community
CoH3 Stats
Reddit
Sign in to upload your games and track your stats! →
Sign in with Steam
Match 39796109
Unlisted
Match 39796109
Overview
Messages
Build Orders
End
Kettenkrad Recon Vehicle
Construct Infanterie Kompanie
Selects Terror Battlegroup
Grenadier Squad
MG 42 Machine Gun Team
GrW 34 Mortar Team
Grenadier Squad
Construct Luftwaffe Kompanie
Support Elements
Medical Station
Jäger Squad
Wirbelwind Flakpanzer
Selects Machine Gun Camouflage
Selects Contempt for the Weak
Pioneer Squad
Jäger Squad
Luftwaffe Officer Quarters
MG 42 Machine Gun Team
MG 42 Bunker
Construct Panzer Kompanie
Selects Defend the Fatherland
Marder III M Tank Destroyer
Stoßtruppen Squad
Side Skirts
MG 42 Bunker
Selects King Tiger Heavy Tank
MG 42 Bunker
BATTLEDANNY1
Buffallobang
Acdiosh
Dahlian
aSIINiedi
SovietBuffalo
0
0
Comments
sign in to comment!
No comments posted yet!